 Dungeon Crawl Stone Soup version 0.31-a0-1205-g5e5e916 (webtiles) character file.

Game seed: 11860265652726289856

1911459 Kearsarge the Merfolkian Porcupine (level 26, 242/242 HPs)
             Began as a Merfolk Fighter on Dec 12, 2023.
             Was an Initiate of Gozag.
             Escaped with the Orb
             ... and 3 runes!
             The game lasted 01:19:15 (51684 turns).

Kearsarge the Merfolkian Porcupine (MfFi)          Turns: 51684, Time: 01:19:16

Health: 242/242    AC: 36    Str: 34    XL:     26   Next: 71%
Magic:  23/23      EV: 27    Int: 11    God:    Gozag
Gold:   1572       SH: 17    Dex: 10    Spells: 25/25 levels left

rFire   + . .        w - +9 demon trident (spect)
rCold   . . .        V - +5 Storm Queen's Shield {shock, Fly rElec}
rNeg    + . .        G - +12 plate armour of Kempar {rElec Will+++ Dex-2}
rPois   +            t - +3 helmet "Cijuxogi" {rElec Int+2 Slay+2}
rElec   +            b - scarf {repulsion}
rCorr   +            y - +0 pair of gloves of Fun and Games {rCorr Str+3}
SInv    +            R - +2 pair of boots {rampage}
Will    ++++.        P - amulet of regeneration Stlth
                     O - ring "Erphackul" {rN+ EV+5 Str+6 Int+2 Dex-5}
HPRegen 2.20/turn    Y - ring "Atuqutup" {+Blink rPois rF+ EV+5 SInv}
MPRegen 0.18/turn

%: repel missiles, rampage
@: flying, studying 2 skills
A: (nimble swimmer 2), mertail, deformed body, regeneration 1, inability to
drink after injury 2, MP-powered wands
0: Orb of Zot
}: 3/15 runes: barnacled, silver, gossamer
a: Renounce Religion, Evoke Blink, Potion Petition, Call Merchant, Bribe Branch


You escaped.
You worshipped Gozag.
Gozag was most pleased with you.
You visited 10 branches of the dungeon, and saw 48 of its levels.
You visited 1 ziggurat, and saw 6 of its levels.
You also visited: Gauntlet.

You collected 25312 gold pieces.
You spent 5287 gold pieces at shops.
You paid 18453 gold pieces to Gozag.

Inventory:

Hand Weapons
 w - a +9 spectral demon trident (weapon)
Missiles
 J - 8 curare-tipped darts
 S - 4 throwing nets
Armour
 b - a scarf of repulsion (worn)
 t - the +3 helmet "Cijuxogi" (worn) {rElec Int+2 Slay+2}
   (You acquired it on level 2 of the Elven Halls)

   Int+2:     It affects your intelligence (+2).
   Slay+2:    It affects your accuracy & damage with ranged weapons and melee
   (+2).
   rElec:     It insulates you from electricity.
 y - the +0 pair of gloves of Fun and Games (worn) {rCorr Str+3}
   (You bought it in a shop on level 2 of the Orcish Mines)

   Str+3:     It affects your strength (+3).
   rCorr:     It protects you from acid and corrosion.
 G - the +12 plate armour of Kempar (worn) {rElec Will+++ Dex-2}
   (You bought it in a shop on level 2 of the Orcish Mines)

   Dex-2:     It affects your dexterity (-2).
   rElec:     It insulates you from electricity.
   Will+++:   It greatly increases your willpower.
 R - a +2 pair of boots of rampaging (worn)
 V - the +5 Storm Queen's Shield (worn) {shock, Fly rElec}
   (You found it on level 3 of the Elven Halls)

   Shock:     When it blocks an attack, it may electrocute the attacker.
   This works even against foes who are a short distance away.
   rElec:     It insulates you from electricity.
   Fly:       It grants you flight.
Jewellery
 n - a ring of protection from cold
 E - an amulet of reflection
 M - an amulet of magic regeneration
 O - the ring "Erphackul" (left hand) {rN+ EV+5 Str+6 Int+2 Dex-5}
   (You found it on level 5 of the Vaults)

   [ring of evasion]

   EV+5:      It affects your evasion (+5).
   Str+6:     It affects your strength (+6).
   Int+2:     It affects your intelligence (+2).
   Dex-5:     It affects your dexterity (-5).
   rN+:       It protects you from negative energy.
 P - an amulet of regeneration (around neck)
 Y - the ring "Atuqutup" (right hand) {+Blink rPois rF+ EV+5 SInv}
   (You found it on level 5 of the Lair of Beasts)

   [ring of evasion]

   EV+5:      It affects your evasion (+5).
   rF+:       It protects you from fire.
   rPois:     It protects you from poison SInv: It lets you see invisible.
   +Blink:    It lets you blink.
Talismans
 C - a storm talisman
Wands
 h - a wand of iceblast (55)
 l - a wand of flame (29)
 x - a wand of digging (8)
 z - a wand of quicksilver (34)
 A - a wand of mindburst (6)
 X - a wand of polymorph (26)
Scrolls
 c - 4 scrolls of vulnerability
 j - 3 scrolls of blinking
 m - 4 scrolls of torment
 o - 14 scrolls of teleportation
 s - a scroll of silence
 u - 19 scrolls of amnesia
 F - 8 scrolls of fog
 I - 5 scrolls of immolation
 N - 5 scrolls of poison
 T - 2 scrolls of butterflies
 U - 3 scrolls of revelation
 Z - 4 scrolls of fear
Potions
 a - 6 potions of cancellation
 d - 6 potions of might
 f - 9 potions of heal wounds
 g - 2 potions of resistance
 i - 6 potions of attraction
 p - 15 potions of curing
 q - 12 potions of ambrosia
 r - 7 potions of mutation
 v - a potion of berserk rage
 B - 8 potions of brilliance
 D - 5 potions of lignification
 H - a potion of haste
 K - 3 potions of invisibility
 L - 6 potions of enlightenment
 W - 7 potions of magic
Miscellaneous
 e - a phantom mirror
 k - a phial of floods
 Q - a lightning rod (4/4)


   Skills:
 O Level 27 Fighting
 O Level 27 Polearms
 + Level 19.8 Armour
 O Level 27 Dodging
 - Level 13.9 Shields


You had 25 spell levels left.
You didn't know any spells.
Your spell library contained the following spells:

 Spells                   Type           Power      Damage    Failure   Level
 Foxfire                  Conj/Fire      0%         2x1d4     86%         1
 Freeze                   Ice            0%         1d3       86%         1
 Kiss of Death            Conj/Necr      0%         2d5       86%         1
 Magic Dart               Conj           0%         1d3       86%         1
 Shock                    Conj/Air       0%         1d3       86%         1
 Slow                     Hex            0%         N/A       86%         1
 Sting                    Tmut/Pois      0%         1d3       86%         1
 Blink                    Tloc           0%         N/A       95%         2
 Cigotuvi's Dreadful Rot  Necr/Pois/Air  0%         N/A       95%         2
 Ensorcelled Hibernation  Hex/Ice        0%         N/A       95%         2
 Lesser Beckoning         Tloc           0%         N/A       95%         2
 Momentum Strike          Conj/Tloc      0%         3d8       95%         2
 Passwall                 Tmut/Erth      0%         N/A       95%         2
 Poisonous Vapours        Pois/Air       0%         N/A       95%         2
 Scorch                   Fire           0%         2d5       95%         2
 Searing Ray              Conj           0%         2d4       95%         2
 Static Discharge         Conj/Air       0%         3-3/arc   95%         2
 Call Canine Familiar     Summ           0%         N/A       99%         3
 Confusing Touch          Hex            0%         N/A       99%         3
 Frozen Ramparts          Ice            0%         1d1       99%         3
 Gell's Gravitas          Tloc           0%         N/A       99%         3
 Hailstorm                Conj/Ice       0%         3d5       99%         3
 Ignite Poison            Fire/Tmut/Pois 0%         N/A       99%         3
 Inner Flame              Hex/Fire       0%         N/A       99%         3
 Mephitic Cloud           Conj/Pois/Air  0%         N/A       99%         3
 Sigil of Binding         Hex            0%         N/A       99%         3
 Swiftness                Air            0%         N/A       99%         3
 Teleport Other           Tloc           0%         N/A       99%         3
 Vampiric Draining        Necr           0%         2d6       99%         3
 Airstrike                Air            0%         2d(0-16)  100%        4
 Brom's Barrelling Bould  Conj/Erth      0%         2d3       100%        4
 Dimensional Bullseye     Hex/Tloc       0%         N/A       100%        4
 Dispel Undead            Necr           0%         3d6       100%        4
 Flame Wave               Conj/Fire      0%         2d4       100%        4
 Fulminant Prism          Conj/Hex       0%         3d5       100%        4
 Leda's Liquefaction      Hex/Erth       0%         N/A       100%        4
 Manifold Assault         Tloc           0%         N/A       100%        4
 Olgreb's Toxic Radiance  Pois           0%         N/A       100%        4
 Passage of Golubria      Tloc           0%         N/A       100%        4
 Petrify                  Tmut/Erth      0%         N/A       100%        4
 Sticky Flame             Conj/Fire      0%         2d3       100%        4
 Summon Ice Beast         Ice/Summ       0%         N/A       100%        4
 Summon Lightning Spire   Summ/Air       0%         N/A       100%        4
 Vhi's Electric Charge    Tloc/Air       0%         N/A       100%        4
 Alistair's Intoxication  Tmut/Pois      0%         N/A       100%        5
 Arcjolt                  Conj/Air       0%         1d10      100%        5
 Borgnjor's Vile Clutch   Necr/Erth      0%         N/A       100%        5
 Fireball                 Conj/Fire      0%         3d3       100%        5
 Iskenderun's Battlesphe  Conj           0%         2d6       100%        5
 Metabolic Englaciation   Hex/Ice        0%         N/A       100%        5
 Silence                  Hex/Air        0%         N/A       100%        5
 Summon Mana Viper        Hex/Summ       0%         N/A       100%        5
 Yara's Violent Unravell  Hex/Tmut       0%         3d3       100%        5
 Conjure Ball Lightning   Conj/Air       0%         3x3d6     100%        6
 Death Channel            Necr           0%         N/A       100%        6
 Dispersal                Tloc           0%         N/A       100%        6
 Eringya's Noxious Bog    Tmut/Pois      0%         4d6       100%        6
 Plasma Beam              Fire/Air       0%         2x1d10    100%        6
 Starburst                Conj/Fire      0%         6d3       100%        6
 Summon Cactus Giant      Summ           0%         N/A       100%        6
 Enfeeble                 Hex            0%         N/A       100%        7
 Haunt                    Necr/Summ      0%         N/A       100%        7
 Malign Gateway           Summ/Tloc      0%         N/A       100%        7
 Orb of Destruction       Conj           0%         9d5       100%        7
 Disjunction              Tloc           0%         N/A       100%        8
 Ignition                 Fire           0%         3d3       100%        8
 Infestation              Necr           0%         N/A       100%        8
 Lehudib's Crystal Spear  Conj/Erth      0%         10d2      100%        8
 Polar Vortex             Ice            0%         N/A       100%        9
 Animate Dead             Necr           Unusable   N/A       N/A         4
 Simulacrum               Ice/Necr       Unusable   N/A       N/A         6

Dungeon Overview and Level Annotations

Branches:
Dungeon (15/15)            Temple (1/1) D:5            Lair (5/5) D:9
 Shoals (4/4) Lair:2       Spider (4/4) Lair:3        Slime (0/5) Lair:5
    Orc (2/2) D:9             Elf (3/3) Orc:2        Vaults (5/5) D:14
  Crypt (0/3) Vaults:3     Depths (4/4) D:15            Zot (5/5) Depths:4
Gauntlet (visited)

Altars:
Ashenzari
Cheibriados
Dithmenos
Elyvilon
Fedhas
Gozag
Hepliaklqana
Kikubaaqudgha
Makhleb
Nemelex Xobeh
Okawaru
Qazlal
Ru
Sif Muna
Trog
Uskayaw
Vehumet
Wu Jian
Xom
Yredelemnul
Zin
The Shining One
Lugonu

Shops:
D:2 *[   D:5 ?   D:11 [   D:12 [[   D:14 [   Orc:2 =?*[[   Elf:1 [   Shoals:1 [
Shoals:2 :   Spider:1 [   Vaults:1 [((   Vaults:3 ([   Vaults:5 [
Depths:1 =::!*=   Depths:2 :   Depths:3 [

Portals:
Hell: Depths:1 Depths:3 Depths:4
Abyss: Depths:3
Pandemonium: Depths:2 Depths:3
Trove: D:13 (show abyssal rune of Zot)

Annotations:
D:2 1 runed translucent door, Crazy Yiuf
D:3 exclusion: statue
D:14 exclusion: ice statue
Elf:2 3 runed translucent doors


Innate Abilities, Weirdness & Mutations

((You are very nimble when in or above water. (Stealth+, EV+, Speed+++)))
Your lower body shifts to a powerful aquatic tail in water.
Armour fits poorly on your strangely shaped body.
Your natural rate of healing is unusually fast.
You sometimes lose the ability to drink potions when taking damage.
You expend magic power (3 MP) to strengthen your wands.


Message History

An Orb Guardian comes into view.
There is a stone staircase leading up here.
You fly upwards.
There is a stone staircase leading down here.
There is a stone staircase leading up here.
You fly upwards.
There is a stone staircase leading down here.
There is a stone staircase leading up here.
You fly upwards.
There is a stone staircase leading down here. 5 hell hounds come into view.
The hell hound barks! x3
The hell hound breathes flames at you.
The blast of flame is repelled.
There is a stone staircase leading up here.
You fly upwards.
There is a stone staircase leading down here.
There is a stone staircase leading up here.
You fly upwards.
Level annotation: exclusion: statue
There is a stone staircase leading down here.
There is a stone staircase leading up here.
You fly upwards.
Level annotation: 1 runed translucent door, Crazy Yiuf
There is a stone staircase leading down here.
There is a stone staircase leading up here.
You fly upwards.
There is a stone staircase leading down here.
A smoke demon comes into view.
Blink to where?
Press: ? - help, Q - select action, (/) - cycle Dir - move target
As you read the scroll of blinking, it crumbles to dust.
The smoke demon moves out of view.
Blink to where?
Press: ? - help, Q - select action, (/) - cycle Dir - move target
As you read the scroll of blinking, it crumbles to dust.
Blink to where?
Press: ? - help, Q - select action, (/) - cycle Dir - move target
As you read the scroll of blinking, it crumbles to dust.
You have escaped!

......####....###........# #.#...
......#......#.###.#.....# #.####
.............#.....#.....###.####
#..........###.#.#.###..........#
#..#....§..#.........#..##......#
.........###.#.#.#.#.#######.####
.#..#..........#.#......####.#
.#.##....#.#.###.###.#.###...#
...###...#.§....@......###.###
.........#.#.###.###.#.#...#
...............#.#.........#
...##....###.#.#.#.#.####..#
#.###......#.........#.##..#
...........###.#.#.###.##..#
#>####.......#.....# #..#..#
....##.......#.###.# ##....#
..∩..∩..♣..8##.....# ####..#####


There were no monsters in sight!

Vanquished Creatures
  4 orbs of fire
  A dread lich (Vaults:5)
  2 ancient liches
  Mara (Shoals:2)
  Boris (twice) (Depths:3 Zot:3)
  Vv (Depths:3)
  Margery (Depths:4)
  Bai Suzhen (Spider:3)
  A Killer Klown (Zig:2)
  2 caustic shrikes
  2 curse toes
  11 golden dragons
  Nikola (Depths:2)
  A profane servitor (D:11)
  Norris (Vaults:4)
  Jory (Vaults:2)
  A bone dragon (Depths:4)
  A Brimstone Fiend (Zig:6)
  3 tentacled monstrosities
  A Tzitzimitl (Zot:5)
  An electric golem (Zot:4)
  A hellephant (Zig:6)
  A walking crystal tome (Depths:3)
  A searing wretch (Zig:6)
  A deep elf blademaster (Elf:3)
  4 liches
  Asterion (Vaults:2)
  14 Orb Guardians
  4 quicksilver dragons
  4 titans
  A walking divine tome (Depths:3)
  6 sphinxes
  A kraken (Shoals:4)
  A tentacled starspawn (Zig:3)
  An eldritch tentacle (Elf:3)
  A deep elf master archer (Elf:3)
  2 death cobs
  Donald (Spider:2)
  7 storm dragons
  10 shadow dragons
  6 tengu reavers
  A nagaraja (Zig:4)
  Gastronok (D:9)
  3 draconian knights
  Ilsuiw (Shoals:4)
  2 draconian monks
  10 fire giants
  11 frost giants
  9 deep elf sorcerers
  4 deep elf elementalists
  7 emperor scorpions
  Louise (Spider:2)
  4 balrugs
  A draconian scorcher (Zot:1)
  21 vault wardens
  A reaper (Depths:3)
  3 orc warlords
  3 ghost moths
  24 ironbound preservers
  9 broodmothers
  3 angels (Zig:5)
  2 draconian shifters
  22 very ugly things
  3 spriggan defenders
  An ophan (Zig:5)
  A formless jellyfish (Vaults:2)
  3 ironbound thunderhulks
  4 green draconians
  29 stone giants
  A juggernaut skeleton (Depths:3)
  5 war gargoyles
  The ghost of Niuneny the Jinx, a journeyman FeEE of Sif Muna (Elf:3)
  A vampire knight (Depths:2)
  A black draconian (Zot:5)
  A yellow draconian (Depths:4)
  An apis (Zig:5)
  7 spark wasps
  17 dire elephants
  6 deep elf annihilators
  2 deep elf demonologists
  3 red draconians
  2 purple draconians
  A minotaur (Gauntlet)
  3 white draconians
  2 crystal guardians (Vaults:4)
  17 merfolk impalers
  19 ettins
  9 fire dragons
  An entropy weaver (shapeshifter) (D:13)
  10 deep elf death magi
  6 merfolk javelineers
  6 entropy weavers
  3 deep elf high priests
  A rakshasa (D:15)
  A spriggan zombie (Depths:1)
  17 yaktaur captains
  37 vault guards
  6 ice dragons
  4 peacekeepers (Vaults:4)
  6 hydras
  7 great orbs of eyes
  5 spriggan air magi
  5 ogre magi
  4 merfolk avatars
  2 radroaches
  18 two-headed ogres
  2 jorogumos (Spider:4)
  4 alligator snapping turtles
  10 centaur warriors
  2 satyrs
  9 deep troll shamans
  12 boulder beetles
  6 ironbound frosthearts
  2 merfolk aquamancers (Shoals:4)
  19 dancing weapons
  2 tengu warriors
  A sphinx skeleton (Depths:1)
  An orc high priest (Elf:1)
  3 hell hogs (Zot:1)
  4 death yaks (Lair:3)
  5 deep troll earth magi
  2 shock serpents (Zig:4)
  8 spriggan berserkers
  Nergalle (Lair:2)
  7 demonic crawlers
  16 hell knights
  7 spriggans
  A storm dragon zombie (Vaults:5)
  18 deep elf knights
  A soul eater (D:13)
  8 sun demons
  4 skeletal warriors (D:15)
  7 pharaoh ants
  7 skysharks
  3 sun moths
  A fire crab (shapeshifter) (Vaults:5)
  A fire crab (Gauntlet)
  A flayed ghost (Depths:3)
  11 sea snakes
  8 iron trolls
  2 sixfirhies
  A storm dragon skeleton (Depths:3)
  50 deep trolls
  7 orb spiders
  4 glowing orange brains
  A lindwurm (shapeshifter) (Vaults:5)
  A glowing orange brain (shapeshifter) (Elf:2)
  A kraken simulacrum (Shoals:4)
  3 arcanists
  26 ironbound convokers
  27 deep elf zephyrmancers
  8 lindwurms
  11 deep elf archers
  25 harpies
  37 deep elf pyromancers
  5 phantasmal warriors
  8 necromancers
  6 steelbarb worms
  2 steelbarb worms (shapeshifter)
  A golden dragon skeleton (Depths:3)
  An orc sorcerer (D:15)
  10 orc knights
  40 ugly things
  22 wolf spiders
  A shining eye (shapeshifter) (Depths:3)
  A mana viper (Zig:4)
  A shadow dragon skeleton (Depths:3)
  A glowing shapeshifter (Vaults:5)
  A cyclops (shapeshifter) (Vaults:5)
  9 manticores
  7 fauns
  6 cyclopes
  Maurice (D:7)
  11 moths of wrath
  A manticore (shapeshifter) (Depths:2)
  A black mamba (shapeshifter) (Depths:4)
  A centaur zombie (D:15)
  38 elephants
  5 black mambas
  4 kobold blastminers (Orc:1)
  Joseph (D:7)
  19 vault sentinels
  6 water nymphs
  An apocalypse crab (Zig:3)
  3 ice statues (D:14)
  A guardian serpent (Zig:4)
  A smoke demon (Gauntlet)
  A water nymph (shapeshifter) (Depths:4)
  6 merfolk sirens
  2 centaur skeletons (D:15)
  3 torpor snails
  A stone giant skeleton (Depths:1)
  A cane toad (shapeshifter) (D:14)
  7 cane toads
  A gargoyle (D:12)
  An efreet (D:14)
  A rime drake (Lair:5)
  51 yaktaurs
  2 tormentors
  3 hellions
  6 tengu conjurers
  2 freezing wraiths (Vaults:5)
  6 komodo dragons
  A red devil (Gauntlet)
  A queen bee (Lair:2)
  7 meliai
  9 polar bears
  28 merfolk
  10 wind drakes
  29 tarantellas
  A glass eye (Depths:3)
  4 trolls
  10 hornets
  A dream sheep (shapeshifter) (Vaults:5)
  7 dream sheep (Lair:5)
  23 blink frogs
  10 snapping turtles
  23 jumping spiders
  24 culicivoras
  Sigmund (D:2)
  14 flying skulls (Gauntlet)
  2 air elementals (Elf:3)
  13 water elementals
  35 slime creatures
  A spriggan (shapeshifter) (D:15)
  A shadow (D:10)
  2 centaur simulacra
  5 wyverns
  6 fire elementals
  A spriggan skeleton (Depths:1)
  4 wraiths
  70 yaks
  4 golden eyes (Zot:1)
  5 basilisks
  4 fire bats (Gauntlet)
  A neqoxec (Zig:3)
  67 redbacks
  5 steam dragons
  A redback (shapeshifter) (Depths:3)
  A human zombie (Vaults:5)
  2 wargs
  A chaos spawn (Zot:5)
  5 acid dragons
  14 water moccasins
  3 hell hounds (Gauntlet)
  2 sky beasts
  A black bear (D:6)
  20 orc warriors
  13 ice beasts
  4 boggarts (Vaults:2)
  30 ogres
  14 centaurs
  3 kobold brigands (D:8)
  10 bullfrogs
  4 scorpions
  2 gnoll sergeants (D:9)
  2 earth elementals (Elf:3)
  28 killer bees
  2 electric eels
  5 howler monkeys
  A lava snake (D:11)
  A jelly (D:8)
  2 crimson imps (Gauntlet)
  A human simulacrum (Vaults:5)
  A hound (D:4)
  11 orc priests
  2 sleepcaps
  An iguana (D:4)
  9 orc wizards
  12 adders
  15 gnolls
  4 river rats (D:5)
  A shadow imp (D:8)
  A white imp (D:8)
  A worm (D:4)
  3 dart slugs
  65 orcs
  9 endoplasms
  8 giant cockroaches
  8 goblins
  11 hobgoblins
  4 jackals (D:4)
  6 quokkas
  3 ball pythons
  7 bats
  2 frilled lizards
  13 kobolds
  3 rats
  4 starspawn tentacles (Zig:3)
  3 tentacles (Shoals:4)
2046 creatures vanquished.

Vanquished Creatures (collateral kills)
  An ancient lich (Zot:5)
  An orb of fire (Zot:5)
  A Killer Klown (Zot:5)
  An electric golem (Zot:5)
  A tentacled monstrosity (Zot:5)
  3 Orb Guardians (Zot:5)
  A shadow dragon (Zot:5)
  A draconian monk (Zot:5)
  A draconian stormcaller (Zot:5)
  A black draconian (Zot:5)
12 creatures vanquished.

Vanquished Creatures (others)
  A dread lich (Zot:5)
  An orb of fire (Zot:5)
  3 Orb Guardians (Zot:5)
  A tentacled monstrosity (Zot:5)
  A deep elf master archer (Elf:3)
  2 draconian annihilators (Zot:5)
  A green draconian (Zot:5)
  A hell hog (Zot:1)
  A deep elf knight (Elf:1)
  A deep elf pyromancer (Elf:1)
  2 moths of wrath (Zot:5)
  2 water elementals
  111 spectral weapons
  2 starspawn tentacles (Zig:3)
  18 tentacles (Shoals:4)
148 creatures vanquished.

Grand Total: 2206 creatures vanquished

Notes
Turn   | Place    | Note
-------+----------+-------------------------------------------
     0 | D:1      | Kearsarge the Merfolk Fighter began the quest for the Orb.
     0 | D:1      | Reached XP level 1. HP: 18/18 MP: 1/1
    90 | D:1      | Reached XP level 2. HP: 24/24 MP: 2/2
   332 | D:1      | Reached XP level 3. HP: 26/30 MP: 3/3
   367 | D:1      | Found a faded altar of an unknown god.
   482 | D:2      | Noticed Sigmund
   553 | D:2      | Found a hide-covered altar of Uskayaw.
   725 | D:2      | Found Cimyech's General Store.
   896 | D:2      | Found Ucveic's Antique Armour Shop.
  1018 | D:2      | Found a runed translucent door.
  1019 | D:2      | Noticed Crazy Yiuf
  1188 | D:3      | Found a radiant altar of Vehumet.
  1189 | D:3      | Noticed a frost-covered statue
  1345 | D:3      | Reached XP level 4. HP: 12/37 MP: 4/4
  1511 | D:3      | Reached skill level 5 in Polearms
  1942 | D:2      | Killed Sigmund
  1943 | D:2      | Reached skill level 5 in Fighting
  1943 | D:2      | Reached XP level 5. HP: 27/44 MP: 5/5
  1943 | D:2      | Reached XP level 6. HP: 31/51 MP: 6/6
  2393 | D:4      | Identified the +3 falchion of Arrival {holy, +Blink rN+}
  2505 | D:4      | Found a white marble altar of Elyvilon.
  2619 | D:4      | Reached XP level 7. HP: 56/56 MP: 7/7
  2932 | D:4      | Found an ornate altar of the Wu Jian Council.
  3340 | D:5      | Entered Level 5 of the Dungeon
  3512 | D:5      | Found Wusoem's Magic Scroll Emporium.
  3545 | D:5      | Bought a scroll of enchant weapon for 82 gold pieces
  3566 | D:5      | Found a staircase to the Ecumenical Temple.
  3608 | Temple   | Entered the Ecumenical Temple
  3622 | Temple   | Became a worshipper of Gozag Ym Sagoz the Greedy
  3660 | D:5      | Bought a scroll of identify for 22 gold pieces
  3660 | D:5      | Bought a scroll of identify for 22 gold pieces
  3660 | D:5      | Bought a scroll of identify for 22 gold pieces
  3794 | D:5      | Found a hide-covered altar of Uskayaw.
  3884 | D:5      | Reached XP level 8. HP: 51/65 MP: 8/8
  4317 | D:6      | Reached skill level 10 in Polearms
  4654 | D:6      | Found a sparkling altar of Nemelex Xobeh.
  4654 | D:6      | Found an ancient bone altar of Kikubaaqudgha.
  4654 | D:6      | Found a basalt altar of Yredelemnul.
  4658 | D:6      | Found a bloodstained altar of Trog.
  4659 | D:6      | Found a shimmering blue altar of Sif Muna.
  4665 | D:6      | Found a hazy altar of Hepliaklqana.
  4665 | D:6      | Found a burning altar of Makhleb.
  4666 | D:6      | Found a sacrificial altar of Ru.
  4668 | D:6      | Found a glowing golden altar of the Shining One.
  4668 | D:6      | Noticed a yak
  4668 | D:6      | Noticed a yak
  4690 | D:6      | Killed a yak
  4701 | D:6      | Noticed a yak
  4702 | D:6      | Noticed a yak
  4702 | D:6      | Noticed a yak
  4720 | D:6      | Killed a yak
  4726 | D:6      | Killed a yak
  4728 | D:6      | Killed a yak
  4840 | D:6      | Killed a yak
  4841 | D:6      | Reached XP level 9. HP: 74/74 MP: 9/9
  4846 | D:6      | Found a glowing silver altar of Zin.
  4847 | D:6      | Found a hide-covered altar of Uskayaw.
  5065 | D:2      | Bought a polished chain mail for 218 gold pieces
  5065 | D:2      | Identified the +0 chain mail "Genov" {Harm} (You bought it
                  | in a shop on level 2 of the Dungeon)
  5639 | D:7      | Noticed Joseph
  5660 | D:7      | Killed Joseph
  5811 | D:7      | Found a stormy altar of Qazlal.
  5899 | D:7      | Noticed Maurice
  5907 | D:7      | Killed Maurice
  6356 | D:8      | Reached XP level 10. HP: 83/83 MP: 10/10
  6443 | D:8      | Reached skill level 15 in Polearms
  6724 | D:8      | Reached skill level 10 in Fighting
  7823 | D:8      | Reached XP level 11. HP: 92/92 MP: 11/11
  7990 | D:2      | Bought a slimy plate armour for 644 gold pieces
  7990 | D:2      | Identified the +12 plate armour of the Snail {rElec rF-
                  | rCorr Dex+4} (You bought it in a shop on level 2 of the
                  | Dungeon)
  8372 | D:9      | Noticed a two-headed ogre
  8378 | D:9      | Killed a two-headed ogre
  8451 | D:9      | Found a staircase to the Orcish Mines.
  8652 | D:9      | Paralysed by a hornet for 1 turns
  8791 | D:9      | Noticed a cyclops
  8796 | D:9      | Killed a cyclops
  8986 | D:9      | Found a staircase to the Lair.
  9005 | D:9      | Noticed a two-headed ogre
  9010 | D:9      | Killed a two-headed ogre
  9129 | D:10     | Entered Level 10 of the Dungeon
  9813 | D:11     | Reached XP level 12. HP: 103/103 MP: 12/12
  9865 | D:11     | Bought a warped scarf for 350 gold pieces
  9865 | D:11     | Identified the scarf of Axoedef {repulsion, -Tele ^Contam
                  | +Inv rN+++} (You bought it in a shop on level 11 of the
                  | Dungeon)
 10070 | D:11     | Noticed a boulder beetle
 10085 | D:11     | Killed a boulder beetle
 10148 | D:11     | Noticed a two-headed ogre
 10156 | D:11     | Killed a two-headed ogre
 10208 | D:11     | Noticed a boulder beetle
 10219 | D:11     | Killed a boulder beetle
 10655 | D:11     | Found a hide-covered altar of Uskayaw.
 10675 | D:11     | Identified the +7 spear "Pogoovuu" {distort, rF- Will+++
                  | Int+4}
 10996 | Orc:1    | Entered Level 1 of the Orcish Mines
 12000 | Orc:2    | Entered Level 2 of the Orcish Mines
 12350 | Orc:2    | Reached skill level 1 in Dodging
 12417 | Orc:2    | Found a staircase to the Elven Halls.
 12631 | Orc:2    | Noticed an orc warlord
 12650 | Orc:2    | Killed an orc warlord
 12651 | Orc:2    | Reached skill level 5 in Dodging
 12651 | Orc:2    | Reached XP level 13. HP: 30/112 MP: 13/13
 13033 | Orc:2    | Reached skill level 10 in Dodging
 13042 | Orc:2    | Found Vameud's Jewellery Emporium.
 13042 | Orc:2    | Found Duih's General Store.
 13171 | Orc:2    | Found Koihaman's Armour Shoppe.
 13171 | Orc:2    | Found Pilopt's Magic Scroll Shop.
 13283 | Orc:2    | Bought a ring of protection from cold for 325 gold pieces
 13287 | Orc:2    | Bought the +0 pair of gloves of Fun and Games {rCorr Str+3}
                  | for 257 gold pieces
 13300 | Orc:2    | Bought a scroll of immolation for 56 gold pieces
 13300 | Orc:2    | Bought a scroll of poison for 56 gold pieces
 13300 | Orc:2    | Bought a scroll of poison for 56 gold pieces
 13498 | Lair:1   | Entered Level 1 of the Lair of Beasts
 13498 | Lair:1   | Noticed Gastronok
 13699 | D:9      | Killed Gastronok
 13700 | D:9      | Reached XP level 14. HP: 78/119 MP: 14/14
 13880 | Lair:1   | Reached skill level 15 in Dodging
 14513 | Orc:2    | Bought the +12 plate armour of Kempar {rElec Will+++ Dex-2}
                  | for 1370 gold pieces
 14658 | Lair:1   | You fall into a shaft and drop 1 floor!
 15265 | Lair:2   | Found a staircase to the Shoals.
 15744 | Lair:2   | Noticed Nergalle
 15769 | Lair:2   | Killed Nergalle
 16254 | Lair:3   | Reached skill level 15 in Fighting
 16331 | Lair:3   | Found a gate leading to a gauntlet.
 16340 | Gauntlet | Entered a Gauntlet
 16340 | Gauntlet | Found a transporter.
 16340 | Gauntlet | Found a transporter.
 16341 | Gauntlet | Found a transporter.
 16341 | Gauntlet | Found a transporter.
 16344 | Gauntlet | Found a transporter.
 16344 | Gauntlet | Found a transporter.
 16356 | Gauntlet | Found a transporter.
 16358 | Gauntlet | Found a transporter.
 16379 | Gauntlet | Found a transporter.
 16396 | Gauntlet | Found a transporter.
 16402 | Gauntlet | Found a transporter.
 16514 | Gauntlet | Found a transporter.
 16911 | Gauntlet | Identified the +2 helmet of the Cuttlefish {Dex+3 Stlth+}
 16943 | Gauntlet | Identified the staff "Genimp" {rN+ rCorr Int-5 Necro Air}
 17203 | Gauntlet | Identified the staff of Execution {rF+ Int+2 Dex+4 Fire}
 17203 | Gauntlet | Identified the ring of Nodei {Fire +Blink}
 17371 | Lair:3   | Found a hole to the Spider Nest.
 17997 | Lair:4   | Reached XP level 15. HP: 113/134 MP: 15/15
 18654 | Lair:5   | Entered Level 5 of the Lair of Beasts
 18654 | Lair:5   | Found a staircase to the Slime Pits.
 19812 | Lair:5   | Identified the ring of Pull {rCorr MP+9}
 19820 | Lair:5   | Identified the ring "Atuqutup" {+Blink rPois rF+ EV+5 SInv}
 21400 | D:13     | Found a portal to a secret trove of treasure.
 21409 | D:13     | Reached skill level 5 in Shields
 21409 | D:13     | Reached XP level 16. HP: 136/148 MP: 16/16
 22652 | D:14     | Found Pulogira's Antique Armour Shoppe.
 22686 | D:14     | Found a gate to the Vaults.
 23215 | D:15     | Entered Level 15 of the Dungeon
 23846 | D:15     | Reached skill level 10 in Shields
 24129 | D:15     | Found a staircase to the Depths.
 25035 | Shoals:1 | Entered Level 1 of the Shoals
 25290 | Shoals:1 | Found Eledes's Armour Shoppe.
 25813 | Shoals:1 | Reached XP level 17. HP: 155/155 MP: 17/17
 26569 | Shoals:2 | Found Demim's Self-Improvement Boutique.
 26626 | Shoals:2 | Bought a manual of Polearms for 960 gold pieces
 27185 | Shoals:3 | Noticed Mara
 27188 | Shoals:3 | Noticed Kearsarge's illusion
 27275 | Shoals:2 | Noticed Kearsarge's illusion
 28103 | Shoals:4 | Entered Level 4 of the Shoals
 28130 | Shoals:4 | Noticed Ilsuiw
 28142 | Shoals:4 | Killed Ilsuiw
 28366 | Shoals:4 | Noticed a kraken
 28440 | Shoals:4 | Killed a kraken
 28603 | Shoals:4 | Identified the staff "Losynif" {rF- rC+ MP+9 Conj Ice Air}
 28840 | Shoals:4 | Identified the +5 war axe "Xeerecy" {flame, ^Fragile rF+
                  | rC++}
 29338 | Shoals:4 | Got the Verses on the Fiery Missiles
 29652 | Shoals:4 | Got a barnacled rune of Zot
 29700 | Shoals:4 | Identified the +1 executioner's axe "Dyuludul" {spect,
                  | Stlth+}
 29804 | Shoals:4 | Reached XP level 18. HP: 150/162 MP: 16/18
 29983 | Shoals:2 | Killed Mara
 30100 | Spider:1 | Entered Level 1 of the Spider Nest
 30133 | Spider:1 | Reached skill level 27 in Polearms
 31148 | Spider:1 | Bought a dazzling helmet for 247 gold pieces
 31148 | Spider:1 | Identified the -2 helmet of Xuwaeb {rPois Str+2 Dex-4} (You
                  | bought it in a shop on level 1 of the Spider Nest)
 31148 | Spider:1 | Bought a smoking cloak for 247 gold pieces
 31148 | Spider:1 | Identified the +1 cloak of Alyskorr {Harm rElec rC-} (You
                  | bought it in a shop on level 1 of the Spider Nest)
 31649 | Spider:2 | Noticed Louise
 31966 | Spider:2 | Killed Louise
 32357 | Spider:2 | Identified the +1 ring mail of the Present {*Corrode Str+2
                  | Int+2}
 32435 | Spider:2 | Noticed Donald
 32452 | Spider:2 | Killed Donald
 32981 | Spider:3 | Noticed Bai Suzhen
 32988 | Spider:3 | Killed Bai Suzhen
 33260 | Spider:3 | Reached XP level 19. HP: 176/176 MP: 19/19
 33706 | Spider:4 | Entered Level 4 of the Spider Nest
 34411 | Spider:4 | Got a gossamer rune of Zot
 35084 | Elf:1    | Entered Level 1 of the Elven Halls
 35691 | Elf:1    | Got Vehumet's Folio of Trauma
 36029 | Elf:2    | Identified a scroll of acquirement
 36123 | Elf:2    | Acquired the +3 helmet "Cijuxogi" {rElec Int+2 Slay+2}
 36425 | Elf:2    | Reached XP level 20. HP: 192/192 MP: 20/20
 36749 | Elf:2    | Found a runed translucent gate.
 36750 | Elf:2    | Found a runed translucent gate.
 36750 | Elf:2    | Found a runed translucent gate.
 36792 | Elf:3    | Entered Level 3 of the Elven Halls
 36888 | Elf:3    | Paralysed by an air elemental for 1 turns
 37143 | Elf:3    | Found a runed translucent gate.
 37144 | Elf:3    | Found a runed translucent gate.
 37145 | Elf:3    | Found a runed translucent gate.
 37147 | Elf:3    | Noticed Niuneny's ghost (journeyman FeEE)
 37179 | Elf:3    | Killed Niuneny's ghost
 37320 | Elf:3    | Identified the +0 pair of boots "Jeicot" {rCorr}
 37572 | Elf:3    | Identified the +10 mace of Ozaira {vamp, MP+9}
 37618 | Elf:3    | Reached skill level 27 in Fighting
 37887 | Elf:3    | Found the +5 Storm Queen's Shield {shock, Fly rElec}
 37890 | Elf:3    | Identified the +5 mace "Sarcophage" {heavy, rC+ MP+9 Int+3}
 37964 | Elf:3    | Got the Parchment of Flesh and Assembling
 38076 | Elf:3    | Identified the staff "Fylesuuw" {rElec rF++ Earth}
 38320 | Vaults:1 | Entered Level 1 of the Vaults
 38803 | Vaults:1 | Reached XP level 21. HP: 204/204 MP: 21/21
 39200 | Vaults:1 | Found Wamut's Antique Armour Shoppe.
 39595 | Vaults:2 | You are sucked into a shaft and drop 1 floor!
 39687 | Vaults:3 | Found Dorap's Antique Armour Shop.
 40094 | Vaults:3 | Found Jisotuib's Weapon Shoppe.
 40970 | Vaults:2 | Reached XP level 22. HP: 212/212 MP: 22/22
 41364 | Vaults:2 | Noticed Jory
 41375 | Vaults:2 | Killed Jory
 41511 | Vaults:2 | Noticed Asterion
 41527 | Vaults:2 | Killed Asterion
 41690 | Vaults:2 | Identified the orb of Polish {*channel, rPois}
 42147 | Vaults:3 | Found a staircase to the Crypt.
 42147 | Vaults:3 | Found a basalt altar of Yredelemnul.
 42148 | Vaults:3 | Found an ancient bone altar of Kikubaaqudgha.
 43532 | Vaults:4 | Noticed Norris
 43545 | Vaults:4 | Killed Norris
 43926 | Vaults:5 | Entered Level 5 of the Vaults
 43969 | Vaults:5 | Reached skill level 27 in Dodging
 43973 | Vaults:5 | Noticed a golden dragon
 44122 | Vaults:5 | Reached XP level 23. HP: 196/219 MP: 23/23
 44252 | Vaults:5 | Noticed an ancient lich
 44258 | Vaults:5 | Killed an ancient lich
 44259 | Vaults:5 | Reached skill level 5 in Armour
 44302 | Vaults:5 | Identified the ring "Erphackul" {rN+ EV+5 Str+6 Int+2
                  | Dex-5}
 44798 | Vaults:5 | Noticed a dread lich
 44806 | Vaults:5 | Killed a golden dragon
 44812 | Vaults:5 | Killed a dread lich
 44879 | Vaults:5 | Got The Lost Directory of Boris
 44970 | Vaults:5 | Identified the +9 trident of Fossimno {freeze, rC+ MP+9}
 45342 | Vaults:5 | Noticed a golden dragon
 45348 | Vaults:5 | Killed a golden dragon
 45420 | Vaults:5 | Got a silver rune of Zot
 45554 | Vaults:5 | Noticed a golden dragon
 45558 | Vaults:5 | Killed a golden dragon
 45575 | Vaults:5 | Reached skill level 10 in Armour
 45643 | Vaults:5 | Found Orucick's Armour Boutique.
 45928 | Depths:1 | Entered Level 1 of the Depths
 46034 | Depths:1 | Found Mipeh's Jewellery Boutique.
 46058 | Depths:1 | Reached XP level 24. HP: 227/227 MP: 23/23
 46116 | Depths:1 | Found Potzy's Assorted Antiques.
 46119 | Depths:1 | Bought a potion of heal wounds for 185 gold pieces
 46254 | Depths:1 | Found a gateway to Hell.
 46275 | Depths:1 | Found Xoubb's Distillery.
 46278 | Depths:1 | Bought a potion of might for 84 gold pieces
 46278 | Depths:1 | Bought a potion of might for 84 gold pieces
 46447 | Depths:1 | Found Hil Tano's Jewellery Shoppe.
 46447 | Depths:1 | Found Uduobbo's Book Shop.
 46449 | Depths:1 | Found Ohuttanuw's Book Shop.
 46495 | Depths:1 | Found a shadowy altar of Dithmenos.
 46851 | Depths:2 | Noticed Nikola
 46868 | Depths:2 | Killed Nikola
 46932 | Depths:2 | Found the +5 moon troll leather armour {Spirit, Regen++
                  | MP+5}
 47006 | Depths:2 | Noticed a caustic shrike
 47013 | Depths:2 | Killed a caustic shrike
 47260 | Depths:2 | Found a one-way gate leading to the halls of Pandemonium.
 47264 | Depths:2 | Found Boles's Vocational Training.
 47430 | Depths:2 | Identified the staff of Judgement {Str+3 Conj Necro}
 47720 | Depths:3 | Found a one-way gateway to a ziggurat.
 47838 | Zig:1    | Entered Level 1 of a ziggurat
 47846 | Zig:2    | Entered Level 2 of a ziggurat
 47846 | Zig:2    | Noticed a Killer Klown
 47846 | Zig:2    | Found the +15 Maxwell's patent armour {-Cast -Tele rElec
                  | Will+ rCorr}
 47854 | Zig:2    | Killed a Killer Klown
 47881 | Zig:3    | Entered Level 3 of a ziggurat
 47903 | Zig:3    | Identified the +4 ring mail "Acingod" {rElec rN+}
 47917 | Zig:4    | Entered Level 4 of a ziggurat
 47956 | Zig:4    | Identified the +0 chain mail of Rutiw {Int+5}
 47961 | Zig:5    | Entered Level 5 of a ziggurat
 48051 | Zig:6    | Entered Level 6 of a ziggurat
 48130 | Zig:6    | Identified the staff "Hinof" {Str+5 Dex+4 Conj}
 48321 | Depths:3 | Noticed a caustic shrike
 48325 | Depths:3 | Killed a caustic shrike
 48332 | Depths:3 | Reached XP level 25. HP: 202/234 MP: 23/23
 48370 | Depths:3 | Reached skill level 15 in Armour
 48486 | Depths:3 | Noticed Vv
 48510 | Depths:3 | Killed Vv
 48780 | Depths:3 | Found a one-way gate to the infinite horrors of the Abyss.
 48927 | Depths:3 | Noticed Boris
 48935 | Depths:3 | Killed Boris
 49054 | Depths:3 | Found a bloodstained altar of Trog.
 49396 | Depths:4 | Entered Level 4 of the Depths
 49666 | Depths:4 | Noticed Margery
 49680 | Depths:4 | Killed Margery
 49917 | Depths:4 | Found a gate to the Realm of Zot.
 50108 | Zot:1    | Entered Level 1 of the Realm of Zot
 50117 | Zot:1    | Noticed an orb of fire
 50124 | Zot:1    | Gained mutation: You are occasionally teleported next to
                  | monsters. [an orb of fire]
 50131 | Zot:1    | Killed an orb of fire
 50145 | Zot:1    | Lost mutation: You are occasionally teleported next to
                  | monsters. [potion of mutation]
 50145 | Zot:1    | Gained mutation: You passively map a small area around you.
                  | [potion of mutation]
 50145 | Zot:1    | Gained mutation: Your muscles are strong. (Str +4, Int/Dex
                  | -1) [potion of mutation]
 50145 | Zot:1    | Gained mutation: You occasionally lose the ability to drink
                  | potions when taking damage. [potion of mutation]
 50146 | Zot:1    | Lost mutation: Your muscles are strong. (Str +4, Int/Dex
                  | -1) [potion of mutation]
 50146 | Zot:1    | Lost mutation: You passively map a small area around you.
                  | [potion of mutation]
 50146 | Zot:1    | Gained mutation: You sometimes lose the ability to drink
                  | potions when taking damage. [potion of mutation]
 50146 | Zot:1    | Gained mutation: Your natural rate of healing is unusually
                  | fast. [potion of mutation]
 50146 | Zot:1    | Gained mutation: You expend magic power (3 MP) to
                  | strengthen your wands. [potion of mutation]
 50482 | Zot:5    | Entered Level 5 of the Realm of Zot
 50639 | Zot:5    | Reached XP level 26. HP: 242/242 MP: 23/23
 50807 | Zot:5    | Noticed a dread lich
 50842 | Zot:5    | Noticed an orb of fire
 50844 | Zot:5    | Noticed a dread lich
 50845 | Zot:5    | Noticed an orb of fire
 50849 | Zot:5    | Noticed a Killer Klown
 50850 | Zot:5    | Noticed an ancient lich
 50852 | Zot:5    | Noticed an orb of fire
 50867 | Zot:5    | Killed an ancient lich
 50871 | Zot:5    | Killed an orb of fire
 50873 | Zot:5    | Killed a Killer Klown
 50883 | Zot:5    | Noticed an orb of fire
 50904 | Zot:5    | Gained mutation: Armour fits poorly on your strangely
                  | shaped body. [an orb of fire]
 50910 | Zot:5    | Killed an orb of fire
 50923 | Zot:5    | Noticed an orb of fire
 50932 | Zot:5    | Noticed an orb of fire
 50938 | Zot:5    | Killed an orb of fire
 50956 | Zot:5    | Killed an orb of fire
 50957 | Zot:5    | Noticed an ancient lich
 50974 | Zot:5    | Killed an ancient lich
 51019 | Zot:5    | Got the Orb of Zot
 51021 | Zot:5    | Noticed an ancient lich
 51070 | Zot:3    | Noticed Boris
 51073 | Zot:3    | Killed Boris
 51097 | Zot:3    | Noticed Gatosy the pandemonium lord
 51684 | D:$      | Escaped with the Orb!

Illustrated notes

Levels and vault maps discovered:
D:1:      roderic_chinese_lattice_arrival, layout_rooms,
          hellmonk_ecumenical_altar_arch_garden
D:2:      layout_basic, serial_shops, nicolae_shop_advertising_works
          [nicolae_subvault_shop_adworks], shop, basic_altar, st_stairs_3,
          uniq_sigmund, uniq_crazy_yiuf_cottage
D:3:      kennysheep_six_static_rooms, layout_loops_cross, vehumet_statue
D:4:      layout_loops_ring, nzn_wu_jian_council_hall,
          nicolae_elyvilon_peaceful_grove, st_stairs_8, minmay_quadrilaterals
D:5:      wad_woods_stonehenge, layout_rooms, minmay_temple_entry_poolview,
          serial_shops, nicolae_shop_tiny_waterfront
D:6:      layout_loops_ring, nicolae_overflow_hallway_of_the_gods
D:7:      layout_basic, marbit_many_paths, serial_rivers,
          chequers_serial_rivers_micro_e, chequers_serial_rivers_micro_d,
          chequers_serial_rivers_small_b, chequers_serial_rivers_marsh,
          corexii_hall_statues_l, uniq_maurice, uniq_joseph
D:8:      minmay_bubble_buster, layout_layer_cave, minmay_misc_feat_diagonals,
          nicolae_fountain_basement
D:9:      layout_rooms, lair_entry_dummy, hiddenorc2_lemuel
D:10:     layout_roguey, nrook_mini_backslash
D:11:     layout_gridville, nicolae_uskayaw_suspiria
D:12:     layout_gridville
D:13:     layout_basic, enter_trove_0
D:14:     minmay_ice_pillars, layout_basic, erik_vaults_2, serial_shops,
          nicolae_take_the_stairs, dreamdust_mushroom_princess,
          chequers_decorated_corner, drop_trap
D:15:     grunt_enter_depths_magical_seal, layout_long_grid,
          minmay_misc_feat_plants, nicolae_twisty_statue_hallways
Temple:   corrupted_temple
Lair:1:   layout_hall_layers, uniq_gastronok
Lair:2:   layout_roguey, minmay_shoals_entry_centaurs, special_room
          [special_room_bee], infiniplex_staircase_pool_2, uniq_nergalle
Lair:3:   layout_regular_city, spider_nest_entry_webs, gauntlet_entry_generic,
          serial_bayou_pond_b
Lair:4:   layout_regular_city, minivault_24
Lair:5:   gammafunk_lair_ancient_temple, layout_cave_pods, slime_entry_1
Shoals:1: layout_shoals, serial_shops, shop
Shoals:2: layout_shoals, nicolae_shop_self_help
Shoals:3: layout_shoals, uniq_mara
Shoals:4: shoals_end_grunt_ice, layout_shoals, shoals_ilsuiw_alternative
Spider:1: nicolae_spider_hall_of_the_moth_king, nicolae_spider_rock_and_or_roll
Spider:2: layout_spider_delve, uniq_louise, uniq_donald
Spider:3: layout_spider_delve, nicolae_spider_nooks_and_crannies,
          uniq_bai_suzhen
Spider:4: hellmonk_spider_rune_endless_swarm
Orc:1:    layout_caves
Orc:2:    st_orc_ogre_mass, layout_diamond_mine, minmay_orc_barracks
Elf:1:    kennysheep_room_grid, layout_geoelf_grid, minmay_elf_annihilation,
          lemuel_flamethrower_2
Elf:2:    nicolae_elf_blades_crystal_corner, layout_gridlike
Elf:3:    minmay_elf_hall_dome, layout_rooms, gammafunk_ghost_tricky_traps
Vaults:1: v_alt_pattern_5, v_alt_pattern_3, nicolae_vaults_closet_pinwheel_6,
          nicolae_vaults_circle_grid_b, ontoclasm_vaults_loading_screen,
          v_alt_pattern_2, nicolae_vaults_storage_room_glass,
          vaults_room_fancy_cross, nicolae_vaults_diamond_2,
          nicolae_vaults_tetromino_Z_2, v_pattern_5,
          nicolae_vaults_corridor_and_loot_room, vaults_dpeg_emergency_exit,
          nicolae_vaults_trapezoid_lopsided_1, vaults_dpeg_diagonal,
          vaults_dpeg_hooks, vaults_room_corners, layout_vaults_maze_snakey,
          serial_shops, nicolae_shop_pleasant_corner_grove
Vaults:2: v_misc_13, v_alt_pattern_1, ontoclasm_vaults_tryst,
          vaults_room_fancy_cross, nicolae_vaults_tetromino_L_2,
          hangedman_vaults_stream, v_misc_5, nicolae_vaults_surprise_closet,
          nicolae_vaults_house_2, ontoclasm_vaults_misaligned,
          layout_vaults_omnigrid, uniq_asterion, uniq_jory
Vaults:3: ontoclasm_vaults_eye, minmay_crypt_entry_necro_gods,
          nicolae_vaults_alarming, v_alt_pattern_3,
          nicolae_vaults_little_squares_6, hangedman_vaults_capsules,
          vaults_dpeg_encased_lava, vaults_room_hallway,
          nicolae_vaults_tetromino_L_2, serial_library_hellmonk_open_square,
          nicolae_vaults_little_squares_3,
          nicolae_vaults_taking_the_gang_shopping, layout_vaults_chaotic_city,
          serial_shops, shop
Vaults:4: nicolae_vaults_windows_and_doors_thing, hangedman_vaults_pinch,
          nicolae_vaults_sesquioval_fish, nicolae_vaults_angled_halls,
          nicolae_vaults_two_Ls, nicolae_vaults_storage_room_doors,
          vaults_mumra_minichess, nicolae_vaults_big_ls,
          ontoclasm_vaults_ring_square, nicolae_vaults_cochlea,
          nicolae_vaults_closet_pinwheel_1, nicolae_vaults_tetromino_Z_1,
          layout_vaults_omnicross, uniq_norris
Vaults:5: serial_shops
Depths:1: minmay_octagon_keep, layout_gridlike, abandoned_shop, hell_entry,
          serial_shops, nicolae_shop_behind_doors, shop, nicolae_square_shop,
          nicolae_dithmenos_through_a_glass_darkly, serial_bayou_shore_b,
          grunt_megastairs_2, minmay_shop_grove
Depths:2: minmay_cut_squares, layout_gridlike, pf_coc_iceberg,
          nicolae_elevator_lobby_plus, pan_entry, grunt_ministairs_8,
          nicolae_shop_vocational, infiniplex_staircase_zigzag_5, uniq_nikola
Depths:3: nzn_winding_woodlands_large [nzn_winding_woodlands_5x5_checkerboard,
          nzn_winding_woodlands_5x15_river_crossing,
          nzn_winding_woodlands_5x5_cross, nzn_winding_woodlands_center_garden,
          nzn_winding_woodlands_15x15_boxy_spiral,
          nzn_winding_woodlands_center_triple_pond,
          nzn_winding_woodlands_5x5_default, nzn_winding_woodlands_5x15_twine,
          nzn_winding_woodlands_5x5_open_star], layout_small_grid,
          enter_ziggurat_e, hell_entry, abyss_entry, pan_entry, bloody_trog,
          infiniplex_staircase_spiral, uniq_boris, uniq_vv
Depths:4: grunt_zot_entry_tricorne, layout_long_grid, grunt_metal_band,
          serial_sigils, serial_sigils_hangedman_scratch,
          serial_sigils_hangedman_leer, serial_sigils_hangedman_stare,
          serial_sigils_hangedman_writhe, serial_sigils_hangedman_gnaw,
          serial_sigils_hangedman_clutch
Zot:1:    layout_gridlike, gammafunk_ghost_mausoleum, st_stairs_7,
          regret_index_zotdec_iron_s
Zot:2:    layout_cathedral_of_symmetry
Zot:3:    layout_misc_corridors, guppyfry_library_mini
Zot:4:    hellmonk_crystal_mountain, layout_gridlike, ebering_ghost_xom,
          regret_index_zot_stipple_split, nicolae_shop_clearance,
          lemuel_elevator
Zot:5:    layout_gridlike, skrybe_zot_glass_1

Skill      XL: |  1  2  3  4  5  6  7  8  9 10 11 12 13 14 15 16 17 18 19 20 21 22 23 24 25 26 |
---------------+-------------------------------------------------------------------------------+-----
Polearms       | 3 4 6 7 9 12 14 17 19 21 26 27 | 27.0
Fighting       | 4 5 6 8 9 10 12 13 17 20 22 25 27 | 27.0
Dodging        | 5 14 15 18 23 27 | 27.0
Shields        | 5 12 13 | 13.9
Armour         | 3 10 14 17 19 | 19.8

Action                     |  1- 3 |  4- 6 |  7- 9 | 10-12 | 13-15 | 16-18 | 19-21 | 22-24 | 25-27 || total
---------------------------+-------+-------+-------+-------+-------+-------+-------+-------+-------++-------
  Melee: Trident           |   138 |   109 |   290 |   723 |   484 |       |       |       |       ||  1744
         Demon trident     |       |       |       |       |   748 |  2043 |  1182 |  1183 |   648 ||  5804
         Tailslap          |       |       |       |       |    17 |    43 |       |       |       ||    60
  Throw: Dart              |       |       |       |     6 |       |       |       |       |       ||     6
 Invoke: Call Merchant     |       |       |       |     1 |     3 |     1 |     3 |     1 |       ||     9
         Potion Petition   |       |       |       |       |     1 |       |       |       |     2 ||     3
         Bribe Branch      |       |       |       |       |       |       |       |       |     2 ||     2
  Evoke: Wand              |       |     5 |     5 |     1 |     1 |    10 |     1 |       |     1 ||    24
         Lightning rod     |       |       |       |     2 |     8 |     6 |       |       |       ||    16
    Use: Scroll            |       |    10 |    10 |     2 |    15 |    12 |     7 |     8 |    10 ||    74
         Potion            |       |       |     1 |     2 |     4 |       |     9 |     4 |     8 ||    28
   Stab: Sleeping          |       |       |     1 |       |       |       |       |       |       ||     1
         Distracted        |       |       |       |     8 |     8 |    24 |    35 |    33 |    20 ||   128
         Paralysed         |       |       |       |     1 |       |       |       |       |       ||     1
         Held in net/web   |       |       |       |       |     2 |       |       |       |       ||     2
         Invisible         |       |       |       |       |     5 |       |     2 |       |       ||     7
         Petrifying        |       |       |       |       |       |       |       |     1 |       ||     1
 Armour: Scale mail        |    89 |    29 |       |       |       |       |       |       |       ||   118
         Robe              |       |    29 |    91 |       |       |       |       |       |       ||   120
         Chain mail        |       |       |     1 |    81 |       |       |       |       |       ||    82
         Plate armour      |       |       |       |   306 |   703 |   770 |   257 |   243 |   121 ||  2400
  Dodge: Dodged            |    48 |    48 |    90 |    86 |   456 |   697 |   277 |   336 |   153 ||  2191
         Repelled          |       |       |       |       |       |       |     6 |    15 |    20 ||    41
  Block: Buckler           |    19 |    21 |    42 |   132 |   186 |       |       |       |       ||   400
         Kite shield       |       |       |       |       |    39 |  1055 |   438 |   411 |   157 ||  2100

Table legend: (Time is in decaauts)
 A = Elapsed time spent in this place.
 B = Non-inter-level travel time spent in this place.
 C = Inter-level travel time spent in this place.
 D = Time resting spent in this place.
 E = Time spent auto-exploring this place.
 F = Levels seen in this place.
 G = Mean time per level.
                   A        B        C        D        E       F      G
               +--------+--------+--------+--------+--------+-----+--------+
         Total |  48574 |  43941 |   4633 |   2242 |  31882 |  55 |  883.2 |
       Dungeon |  16252 |  14239 |   2013 |    949 |  10544 |  15 | 1083.5 |
        Temple |     28 |      1 |     27 |      0 |      0 |   1 |   28.0 |
          Lair |   5586 |   5041 |    545 |    219 |   3856 |   5 | 1117.2 |
        Shoals |   4169 |   3719 |    450 |    462 |   2185 |   4 | 1042.2 |
   Spider Nest |   4608 |   4488 |    120 |    116 |   3539 |   4 | 1152.0 |
  Orcish Mines |   2109 |   1885 |    224 |    400 |   1115 |   2 | 1054.5 |
   Elven Halls |   2873 |   2740 |    133 |      0 |   2067 |   3 |  957.7 |
        Vaults |   7128 |   6562 |    566 |     28 |   5020 |   5 | 1425.6 |
        Depths |   3745 |   3474 |    271 |     12 |   2625 |   4 |  936.2 |
           Zot |   1021 |    742 |    279 |     20 |    342 |   5 |  204.2 |
      Ziggurat |    232 |    232 |      0 |      1 |    113 |   6 |   38.7 |
      Gauntlet |    818 |    818 |      0 |     32 |    473 |   1 |  818.0 |
               +--------+--------+--------+--------+--------+-----+--------+

Top non-repeatable levels by time:
     D:8: 1885 daAuts
     D:9: 1830 daAuts
Spider:1: 1756 daAuts
Vaults:5: 1724 daAuts
Vaults:4: 1589 daAuts
Shoals:4: 1570 daAuts
  Lair:5: 1435 daAuts
Vaults:3: 1433 daAuts
Depths:3: 1365 daAuts
    D:13: 1322 daAuts
Vaults:2: 1224 daAuts
   Elf:3: 1212 daAuts
Spider:4: 1164 daAuts
Shoals:2: 1160 daAuts
Vaults:1: 1157 daAuts
